 Dungeon Crawl Stone Soup version 0.21-a0-521-g1cd18d1 (webtiles) character file.

3159 Gerstahl the Fighter (level 9, -4/84 (85) HPs)
             Began as a Pale Draconian Gladiator on Dec 5, 2017.
             Was a Follower of Ashenzari.
             Slain by a warg (12 damage)
             ... on level 8 of the Dungeon.
             The game lasted 00:09:22 (8321 turns).

Gerstahl the Fighter (Pale Draconian Gladiator)     Turns: 8321, Time: 00:09:23

HP:   -4/84 (85)    AC:  9    Str: 17    XL:     9   Next: 62%
MP:   9/9           EV: 15    Int:  9    God:    Ashenzari [*.....]
Gold: 443           SH:  0    Dex: 15    Spells: 8/8 levels left

rFire    . . .     SeeInvis .   a - +0 war axe
rCold    . . .     Gourm    .   (no shield)
rNeg     . . .     Faith    .   (armour unavailable)
rPois    .         Spirit   .   b - +0 hat
rElec    .         Reflect  .   t - +1 cloak {MR+}
rCorr    .         Harm     .   (no gloves)
MR       +....                  (no boots)
Stlth    +.........             (no amulet)
HPRegen  0.24/turn              (no ring)
MPRegen  0.11/turn              (no ring)

@: short of breath
A: breathe steam, unfitting armour, cold-blooded, AC +7
a: Breathe Steam, Curse Item, Scrying, Renounce Religion


You were on level 8 of the Dungeon.
You worshipped Ashenzari.
Ashenzari was aware of your devotion.
You were hungry.

You visited 2 branches of the dungeon, and saw 9 of its levels.

You collected 443 gold pieces.

Inventory:

Hand Weapons
 a - a +0 war axe (weapon)
 v - a +0 giant spiked club
Armour
 b - a +0 hat (worn)
 h - a scarf of spirit shield
 t - a +1 cloak of magic resistance (worn)
Jewellery
 o - an uncursed ring of ice
 D - an uncursed amulet of rage
 F - an uncursed ring of flight
Wands
 y - a wand of flame (21)
Scrolls
 c - a scroll of noise {unknown}
 f - a scroll of fear {unknown}
 g - 2 scrolls of immolation {unknown}
 i - 4 scrolls of blinking {unknown}
 j - 8 scrolls of identify {unknown}
 l - 8 scrolls of remove curse
 m - 2 scrolls of enchant weapon {unknown}
 q - 2 scrolls of magic mapping {unknown}
 s - 2 scrolls of summoning {unknown}
 u - 3 scrolls of random uselessness {unknown}
 x - 2 scrolls of teleportation {unknown}
Potions
 e - 5 potions of curing {unknown}
 k - a potion of might {unknown}
 n - 3 potions of lignification {unknown}
 p - a potion of berserk rage {unknown}
 r - 2 potions of haste {unknown}
 z - a potion of flight {unknown}
 A - 3 potions of agility {unknown}
 E - a potion of resistance {unknown}
Books
 B - a book of Misfortune

   Spells                             Type                      Level
   a - Confusing Touch                Hexes                        1
   b - Confuse                        Hexes                        3
   c - Gell's Gravitas                Translocation                3
   d - Petrify                        Transmutation/Earth          4
   e - Metabolic Englaciation         Hexes/Ice                    5
   f - Yara's Violent Unravelling     Hexes/Transmutation          5
 C - a book of Debilitation

   Spells                             Type                      Level
   a - Corona                         Hexes                        1
   b - Slow                           Hexes                        2
   c - Inner Flame                    Hexes/Fire                   3
   d - Portal Projectile              Hexes/Translocation          3
   e - Cause Fear                     Hexes                        4
   f - Leda's Liquefaction            Hexes/Earth                  4
Comestibles
 d - 11 bread rations
 w - 2 meat rations


   Skills:
 + Level 10.1 Fighting
 + Level 9.6 Axes
 - Level 1.7 Throwing
 + Level 4.8 Dodging


You had 8 spell levels left.
You didn't know any spells.

Dungeon Overview and Level Annotations

Branches:
Dungeon (8/15)             Temple (1/1) D:6
   Lair: D:8-11

Altars:
Ashenzari
Cheibriados
Elyvilon
Gozag
Hepliaklqana
Kikubaaqudgha
Makhleb
Nemelex Xobeh
Okawaru
Qazlal
Sif Muna
Uskayaw
Vehumet
Wu Jian
Xom
Yredelemnul

Shops:
D:4 [


Innate Abilities, Weirdness & Mutations

You can breathe blasts of scalding, opaque steam.
Your pale cyan-grey scales are hard. (AC +7)
You cannot fit into any form of body armour.
You are cold-blooded and may be slowed by cold attacks.


Message History

You closely miss the warg.
The warg is heavily wounded.
The warg is engulfed in a cloud of scalding steam.
The warg closely misses you.
You hit the warg.
You tail-slap the warg, but do no damage.
The warg is severely wounded.
The warg is engulfed in a cloud of scalding steam.
The warg completely misses you.
The warg is engulfed in a cloud of scalding steam.
The warg bites you!
* * * LOW HITPOINT WARNING * * *
You closely miss the warg.
Your tail-slap misses the warg.
The warg is almost dead.
The warg bites you!
* * * LOW HITPOINT WARNING * * *
You barely miss the warg.
The warg is almost dead.
The warg bites you!
You die...

#........# ###..#.##.####
######...# #.......#.....
#...# #.##.#..#..... ##
##### #.#......)[... ...
#.#.....#.#### ....
#.....#.#..... .....
###.#....#####
......#########.#.........
!.....'§h@).))..#....#####
......########..#.#..#
..... ...#.#..# ....
....#.##.. ...
######.##..# .. #.> #


You could see a warg.

Vanquished Creatures
  Sigmund (D:4)
  Eustachio (D:4)
  A wraith (D:8)
  2 wargs (D:8)
  Menkaure (D:7)
  Edmund (D:4)
  2 orc warriors
  An ice beast (D:5)
  A black bear (D:6)
  2 necrophages
  A phantom (D:7)
  A centaur (D:7)
  2 ogres
  A gnoll sergeant (D:5)
  A scorpion (D:8)
  A crimson imp (D:6)
  3 centaur zombies
  A quasit (D:8)
  4 orc priests
  Crazy Yiuf (D:3)
  8 hounds
  3 centaur skeletons
  2 iguanas
  3 orc wizards
  5 worker ants
  3 hound skeletons
  A worker ant zombie (D:6)
  9 gnolls
  9 adders
  2 shadow imps
  3 oozes (D:1)
  An adder zombie (D:3)
  3 worms
  A dart slug (D:1)
  3 leopard geckos
  26 orcs
  6 giant cockroaches
  9 goblins
  5 hobgoblins
  14 jackals
  8 quokkas
  A ball python (D:4)
  6 bats
  3 frilled lizards
  6 kobolds
  6 rats
175 creatures vanquished.

Vanquished Creatures (others)
  A quokka (D:7)
1 creature vanquished.

Grand Total: 176 creatures vanquished

Notes
Turn   | Place    | Note
-------+----------+-------------------------------------------
     0 | D:1      | Gerstahl the Draconian Gladiator began the quest for the Orb.
     0 | D:1      | Reached XP level 1. HP: 17/17 MP: 1/1
    92 | D:1      | Reached XP level 2. HP: 25/25 MP: 0/2
   292 | D:1      | Reached skill level 3 in Fighting
   443 | D:1      | Reached XP level 3. HP: 31/31 MP: 3/3
   573 | D:2      | Reached XP level 4. HP: 26/40 MP: 2/4
   628 | D:2      | Reached skill level 4 in Fighting
  1074 | D:2      | Reached XP level 5. HP: 45/46 MP: 5/5
  1481 | D:4      | Found Geher's Antique Armour Boutique.
  1634 | D:4      | Reached skill level 5 in Axes
  1665 | D:4      | Reached skill level 5 in Fighting
  1718 | D:4      | Noticed an ogre
  1738 | D:4      | Noticed an ogre
  1898 | D:3      | Found a runed door.
  2135 | D:3      | Reached XP level 6. HP: 56/56 MP: 6/6
  2764 | D:3      | Noticed Crazy Yiuf
  2771 | D:3      | Killed Crazy Yiuf
  3162 | D:4      | Reached skill level 6 in Fighting
  3402 | D:3      | Your scales start taking on a pale cyan-grey colour.
  3402 | D:3      | Reached XP level 7. HP: 30/63 MP: 7/7
  3578 | D:4      | Noticed Eustachio
  3606 | D:4      | Killed Eustachio
  3897 | D:4      | Noticed Edmund
  3908 | D:4      | Killed Edmund
  3908 | D:4      | Reached skill level 7 in Fighting
  3926 | D:4      | Noticed Sigmund
  3951 | D:4      | Killed Sigmund
  4330 | D:4      | Reached XP level 8. HP: 39/73 MP: 8/8
  4703 | D:4      | Found a deep blue altar of Sif Muna.
  4869 | D:5      | Entered Level 5 of the Dungeon
  4949 | D:5      | Found an opulent altar of Gozag.
  5216 | D:5      | Reached skill level 8 in Fighting
  5407 | D:5      | Found a hide-covered altar of Uskayaw.
  5981 | D:6      | Found a staircase to the Ecumenical Temple.
  5991 | Temple   | Entered the Ecumenical Temple
  6130 | Temple   | Became a worshipper of Ashenzari the Shackled
  6582 | D:6      | Found a burning altar of Makhleb.
  6586 | D:6      | Reached skill level 9 in Fighting
  6685 | D:6      | Found a basalt altar of Yredelemnul.
  6911 | D:7      | Reached XP level 9. HP: 36/82 MP: 9/9
  7173 | D:7      | Noticed Menkaure
  7177 | D:7      | Killed Menkaure
  7187 | D:7      | Found a white marble altar of Elyvilon.
  7882 | D:7      | Found a shimmering altar of Xom.
  8231 | D:8      | Reached * piety under Ashenzari
  8297 | D:8      | Reached skill level 10 in Fighting
  8321 | D:8      | Slain by a warg

Vault maps used:
D:1:      shiori_arrival_maze
D:2:      first_bread
D:3:      minmay_misc_feat_cross, uniq_crazy_yiuf_cottage
D:4:      marbit_many_paths, serial_shops, nicolae_shop_waterfront,
          sigmund_edmund_badplayer, uniq_eustachio
D:5:      overflow_temple_1_default, nicolae_overflow_hidden_temple
D:6:      lemuel_round_altar, temple_fountains, makhleb_blood_cavern_becter,
          uniq_sigmund
D:7:      elyvilon_altar_4, xom_teletrap_fun, uniq_menkaure
D:8:      lemuel_castle_with_subvaults
Temple:   regret_index_temple_generic_petals

Skill      XL: |  1  2  3  4  5  6  7  8  9 |
---------------+----------------------------+-----
Fighting       | 3 4 5 6 7 9 10 | 10.1
Axes           | 4 5 6 7 8 9 |  9.6
Dodging        | 3 4 |  4.8
Throwing       | |  1.7

Action                   |  1- 3 |  4- 6 |  7- 9 || total
-------------------------+-------+-------+-------++-------
Melee: War axe           |    73 |   214 |   256 ||   543
       Tailslap          |     6 |    28 |    45 ||    79
Throw: Throwing net      |       |     3 |       ||     3
 Abil: Breathe Steam     |       |       |    17 ||    17
 Stab: Sleeping          |     1 |     2 |     3 ||     6
       Distracted        |     1 |       |     1 ||     2
       Invisible         |       |     1 |       ||     1
  Eat: Chunk             |       |     1 |    11 ||    12
       Royal jelly       |       |     1 |     1 ||     2
       Bread ration      |       |     1 |       ||     1
       Meat ration       |       |       |     1 ||     1
Armor: Skin              |    11 |    63 |    89 ||   163
Dodge: Dodged            |    47 |   182 |   193 ||   422

Table legend:
 A = Spawn XP
 B = Non-spawn XP
 C = Spawn XP percentage of total XP
 D = Spawn monster count
 E = Non-spawn monster count
 F = Spawn count percentage of total count
 G = Total turns spent on level
                    A         B        C        D         E        F      G
               +---------+---------+-------+---------+---------+-------+---------
         Total |       0 |    4514 |   0.0 |       0 |     175 |   0.0 |  8321
               +---------+---------+-------+---------+---------+-------+---------
           D:1 |       0 |      61 |   0.0 |       0 |      25 |   0.0 |   528
           D:2 |       0 |     160 |   0.0 |       0 |      27 |   0.0 |  1147
           D:3 |       0 |     261 |   0.0 |       0 |      15 |   0.0 |  1271
           D:4 |       0 |     978 |   0.0 |       0 |      41 |   0.0 |  1923
           D:5 |       0 |     456 |   0.0 |       0 |      10 |   0.0 |  1093
           D:6 |       0 |     694 |   0.0 |       0 |      20 |   0.0 |   630
           D:7 |       0 |     852 |   0.0 |       0 |      16 |   0.0 |  1318
           D:8 |       0 |    1052 |   0.0 |       0 |      21 |   0.0 |   232
               +---------+---------+-------+---------+---------+-------+---------
